 Dungeon Crawl Stone Soup version 0.32-a0-660-g97ce250973 (webtiles) character file.

Game seed: 5487379996694137054

96 Bamboolord the Digger (level 4, -2/35 HPs)
             Began as a Mountain Dwarf Earth Elementalist on Mar 9, 2024.
             Slain by a gnoll
             ... wielding a +0 halberd
             ... led by a gnoll bouda
              (6 damage)
             ... on level 4 of the Dungeon.
             The game lasted 00:04:31 (1625 turns).

Bamboolord the Digger (MDEE)                        Turns: 1625, Time: 00:04:32

Health: -2/35      AC:  4    Str: 10    XL:     4   Next: 41%
Magic:  0/7        EV: 11    Int: 18    God:
Gold:   129        SH:  0    Dex: 10    Spells: 6/7 levels left

rFire   . . .        c - +2 war axe (elec)
rCold   . . .        (no shield)
rNeg    . . .        a - +0 robe
rPois   .            d - +0 helmet
rElec   .            (no cloak)
rCorr   .            g - +0 pair of gloves
SInv    .            (no boots)
Will    +....        (no amulet)
Stlth   ++           (no ring)
HPRegen 0.25/turn    (no ring)
MPRegen 0.10/turn

%: no passive effects
@: enlightened, flying
A: runic magic, artefact enchanting
a: no special abilities


You were on level 4 of the Dungeon.
You visited 1 branch of the dungeon, and saw 3 of its levels.

You collected 129 gold pieces.

Inventory:

Hand Weapons
 c - a +2 war axe of electrocution (weapon)
Armour
 a - a +0 robe (worn)
 d - a +0 helmet (worn)
 g - a +0 pair of gloves (worn)
Jewellery
 e - a ring of fire
Scrolls
 f - a scroll of teleportation
 i - a scroll of vulnerability
 n - a scroll of noise
 o - a scroll of immolation {unknown}
 p - a scroll of poison {unknown}
Potions
 b - a potion of magic
 h - a potion of might
 l - a potion of attraction


   Skills:
 + Level 1.2 Fighting
 * Level 2.0 Armour
 - Level 1.3 Dodging
 + Level 1.7 Stealth
 * Level 2.4 Spellcasting
 * Level 1.8 Conjurations
 + Level 3.6 Earth Magic


You had 6 spell levels left.
You knew the following spells:

 Your Spells              Type           Power      Damage    Failure   Level
a - Sandblast             Erth           30%        2d9       4%          1

Your spell library contained the following spells:

 Spells                   Type           Power      Damage    Failure   Level
 Magic Dart               Conj           32%        1d4       9%          1
 Passwall                 Erth           15%        N/A       12%         3
 Stone Arrow              Conj/Erth      24%        3d8       17%         3
 Blink                    Tloc           4%         N/A       26%         2
 Call Imp                 Summ           4%         N/A       26%         2
 Mercury Vapours          Alch/Air       4%         N/A       26%         2
 Dazzling Flash           Conj/Hex       10%        N/A       34%         3
 Mephitic Cloud           Conj/Alch/Air  4%         N/A       38%         3
 Frozen Ramparts          Ice            4%         1d1       45%         3
 Brom's Barrelling Bould  Conj/Erth      12%        2d4       50%         4
 Leda's Liquefaction      Alch/Erth      4%         N/A       63%         4
 Petrify                  Alch/Erth      8%         N/A       63%         4
 Freezing Cloud           Conj/Ice/Air   2%         6-21      98%         5
 Curse of Agony           Necr           2%         N/A       99%         5
 Metabolic Englaciation   Hex/Ice        1%         N/A       99%         5
 Silence                  Hex/Air        1%         N/A       99%         5


Dungeon Overview and Level Annotations

Branches:
Dungeon (2/15)

Altars:


Innate Abilities, Weirdness & Mutations

Your spellcasting is much less encumbered by armour.
You can use scrolls of enchantment on lesser artefacts.


Message History

Aiming: Sandblast (safe; 4% risk of failure)
Press: ? - help, Q - select action Shift-Dir - straight line, f/p - gnoll
Aim: a gnoll, wielding a +0 club (almost dead, covering ground quickly, 84% to hit)
The blast of sand hits the gnoll!
You kill the gnoll!
Aiming: Sandblast (safe; 4% risk of failure)
Press: ? - help, Q - select action Shift-Dir - straight line, f - gnoll
Aim: a gnoll, wielding a +0 club (covering ground quickly, 84% to hit)
The blast of sand hits the gnoll!
The gnoll is severely wounded.
Your attacks no longer feel as feeble.
The gnoll misses you.
The gnoll bouda gazes fiercely through you!
You feel your attacks grow feeble.
The gnoll hits you from afar with a +0 halberd!
The gnoll hits you with a +0 club.
The endoplasm quivers.
Aiming: Sandblast (safe; 4% risk of failure)
Press: ? - help, Q - select action Shift-Dir - straight line, f/p - gnoll
Aim: a gnoll, wielding a +0 club (severely wounded, covering ground quickly, 84% to hit)
The blast of sand hits the gnoll.
You kill the gnoll!
The gnoll barely misses you. The gnoll closely misses you.
Your Armour skill increases to level 2!
The gnoll attacks as it pursues you! The gnoll closely misses you.
Aiming: Sandblast (safe; 4% risk of failure)
Press: ? - help, Q - select action Shift-Dir - straight line, f - gnoll
Aim: a gnoll, wielding a +0 halberd (covering ground quickly, 84% to hit)
The blast of sand hits the gnoll.
The gnoll is moderately wounded.
The gnoll hits you from afar with a +0 halberd.
The gnoll hits you from afar with a +0 halberd!
* * * LOW HITPOINT WARNING * * *
Okay, then.
It was a potion of enlightenment.
You feel very buoyant.
You fly up into the air.
Your attacks no longer feel as feeble.
The gnoll hits you from afar with a +0 halberd.
You die...

,,,,,,,* *,***,,,,******,**
***##..###.##....<.,,,,,..#
##..###.##.....#*****#.#******
##..###.##..#g## #..,,,,,,
##.......$..#.## #.#******
##.####...l...###### #.#
##.########....J...# #.#
##.###############.###.#******
##...........@.ggg)....#,,,,,,
##################.......g..g.
################ #######g####.
################ *.# *,
################ *,# *,
################ *,* *,
################ *,* *,
################ *,* ** *,*


You could see a gnoll bouda and 2 gnolls.

Vanquished Creatures
  Jessica (D:2)
  3 gnolls (D:4)
  2 dart slugs (D:1)
  A bat (D:1)
  3 endoplasms
  2 giant cockroaches
  4 goblins
  6 hobgoblins
  2 kobolds
  3 quokkas
  2 ball pythons (D:1)
  5 frilled lizards
  2 rats
36 creatures vanquished.

Notes
Turn   | Place    | Note
-------+----------+-------------------------------------------
     0 | D:1      | Bamboolord the Mountain Dwarf Earth Elementalist began the
                  | quest for the Orb.
     0 | D:1      | Reached XP level 1. HP: 14/14 MP: 3/3
    65 | D:1      | Reached skill level 1 in Conjurations
   200 | D:1      | Reached XP level 2. HP: 20/20 MP: 1/4
   365 | D:1      | Reached skill level 1 in Armour
  1152 | D:2      | Reached XP level 3. HP: 27/27 MP: 3/6
  1155 | D:2      | Noticed Jessica
  1164 | D:2      | Killed Jessica
  1165 | D:2      | Reached skill level 1 in Fighting
  1586 | D:2      | You fall into a shaft and drop 2 floors!
  1619 | D:4      | Reached XP level 4. HP: 35/35 MP: 4/7
  1625 | D:4      | Slain by a gnoll

Illustrated notes

Levels and vault maps discovered:
D:1:      dpeg_arrival_tiny_h, layout_basic
D:2:      layout_rooms, shapermc_ecumenical_altar_pompeii, basic_altar,
          minmay_misc_feat_nine_boxes, uniq_jessica
D:4:      layout_loops_ring, nicolae_uskayaw_suspiria, enter_ossuary_2,
          portal_sewer_entry_a

Skill      XL: |  1  2  3  4 |
---------------+-------------+-----
Conjurations   | 1 |  1.8
Spellcasting   | 2 |  2.4
Armour         | 1 2 |  2.0
Fighting       | 1 |  1.2
Dodging        | |  1.3
Stealth        | |  1.7
Earth Magic    | |  3.6

Action                     |  1- 3 |  4- 6 || total
---------------------------+-------+-------++-------
  Melee: War axe           |    17 |       ||    17
   Cast: Sandblast         |    45 |     5 ||    50
    Use: Scroll            |     7 |       ||     7
         Potion            |       |     1 ||     1
 Armour: Robe              |    31 |     6 ||    37
  Dodge: Dodged            |    22 |     4 ||    26

Table legend: (Time is in decaauts)
 A = Elapsed time spent in this place.
 B = Non-inter-level travel time spent in this place.
 C = Inter-level travel time spent in this place.
 D = Time resting spent in this place.
 E = Time spent auto-exploring this place.
 F = Levels seen in this place.
 G = Mean time per level.
                   A        B        C        D        E       F      G
               +--------+--------+--------+--------+--------+-----+--------+
         Total |   1658 |   1633 |     25 |    126 |   1254 |   3 |  552.7 |
       Dungeon |   1658 |   1633 |     25 |    126 |   1254 |   3 |  552.7 |
               +--------+--------+--------+--------+--------+-----+--------+

Top non-repeatable levels by time:
     D:1: 1193 daAuts
     D:2: 422 daAuts
     D:4: 42 daAuts
